 Dungeon Crawl Stone Soup version 0.30.1-4-g462c640d31 (webtiles) character file.

Game seed: 5326568018240842066

862 leafyfresh the Magician (level 8, -6/50 HPs)
             Began as a Djinni Ice Elementalist on Sept 4, 2023.
             Was an Initiate of Makhleb.
             Mangled by a wight
             ... wielding a +0 trident
              (10 damage)
             ... on level 6 of the Dungeon on Sept 13, 2023.
             The game lasted 00:12:18 (5600 turns).

leafyfresh the Magician (Djinni Ice Elementalist)   Turns: 5600, Time: 00:12:18

Health: -6/50      AC:  2    Str: 13    XL:     8   Next: 22%
Gold:   361        EV: 12    Int: 18    God:    Makhleb [......] SH:  0 Dex: 15

rFire   + . .        j - +4 dagger (venom)
rCold   . . .        (no shield)
rNeg    . . .        a - +0 robe
rPois   ∞            l - +0 hat {SInv}
rElec   .            f - scarf {harm}
rCorr   .            (no gloves)
SInv    +            (boots unavailable)
Will    .....        (no amulet)
Stlth   ++           d - +6 ring of strength
HPRegen 0.28/turn    n - ring of ice
MPRegen 0.00/turn

%: harm (+30% outgoing, +20% incoming), infuse magic (-7 HP)
@: flying, very slightly contaminated
A: sickness immunity, fire resistance 2, cold vulnerability 1, float, innate
caster, HP casting, extra vitality 1
a: Renounce Religion


You were on level 6 of the Dungeon.
You worshipped Makhleb.
Makhleb was noncommittal.
You visited 2 branches of the dungeon, and saw 7 of its levels.

You collected 361 gold pieces.

Inventory:

Hand Weapons
 b - the +1 flail "Guovywox" {flame, Dex-4 SInv Stlth+}
   (You found it on level 4 of the Dungeon)

   Dex:       It affects your dexterity (-4).
   SInv:      It lets you see invisible.
   Stlth:     It makes you more stealthy.
 i - a +0 dagger
 j - a +4 dagger of venom (weapon)
Missiles
 x - 4 curare-tipped darts
Armour
 a - a +0 robe (worn)
 f - a scarf of harm (worn)
 l - a +0 hat of see invisible (worn)
Jewellery
 d - a +6 ring of strength (left hand)
 g - an amulet of faith
 n - a ring of ice (right hand)
Wands
 w - a wand of polymorph (8)
Scrolls
 c - 3 scrolls of teleportation
 h - a scroll of fog
 o - a scroll of immolation
 p - a scroll of fear
 r - a scroll of blinking {unknown}
 s - a scroll of brand weapon {unknown}
Potions
 e - a potion of invisibility {unknown}
 k - 2 potions of haste {unknown}
 m - 2 potions of brilliance {unknown}
 q - 3 potions of mutation {unknown}
 t - a potion of might
 u - 4 potions of heal wounds {unknown}
 v - 2 potions of curing {unknown}
 z - a potion of resistance {unknown}


   Skills:
 - Level 2.1 Dodging
 - Level 1.5 Stealth
 + Level 7.5 Spellcasting


You knew the following spells:

 Your Spells              Type           Power      Damage    Failure   Level
a - Freeze                Ice            100%       1d10      1%          1
b - Frozen Ramparts       Ice            100%       1d16      1%          3
c - Ozocubu's Armour      Ice            50%        N/A       1%          3
d - Summon Ice Beast      Ice/Summ       50%        N/A       4%          4
e - Beastly Appendage     Tmut           68%        N/A       1%          1
f - Call Imp              Summ           68%        N/A       1%          2
g - Wereblood             Tmut           34%        N/A       1%          2
Your spell library was empty.

Dungeon Overview and Level Annotations

Branches:
Dungeon (6/15)             Temple (1/1) D:5

Altars:
Cheibriados
Dithmenos
Elyvilon
Fedhas
Gozag
Hepliaklqana
Makhleb
Nemelex Xobeh
Okawaru
Qazlal
Trog
Uskayaw
Wu Jian
Xom
Yredelemnul
Zin
The Shining One


Innate Abilities, Weirdness & Mutations

You are immune to sickness and miasma.
You are immune to poison.
Your flesh is very heat resistant. (rF++)
You are vulnerable to cold. (rC-)
You float through the air rather than walking.
You learn spells naturally, not from books.
Your magical power is your life essence.
You have superior vitality. (+4 MHP)


Message History

Your frozen ramparts will break if you move.
Continue?
You escape the roots grasp.
The frozen ramparts melt away as you move.
You swap places.
The wight zaps a wand.
The roots erupt in riotous growth!
Roots grab your ice beast.
The wight is unaffected.
The grasping roots constrict your ice beast.
Unknown command.
Your ice beast hits the wight but does no damage.
The wight hits your ice beast with a +0 trident!
The grasping roots constrict your ice beast.
Your ice beast hits the wight.
Your ice beast freezes the wight.
The wight resists.
The wight hits your ice beast with a +0 trident.
The grasping roots constrict your ice beast.
The roots release their grip on your ice beast.
Your ice beast hits the wight.
Your ice beast freezes the wight.
The wight resists.
The wight hits your ice beast with a +0 trident!
Your ice beast closely misses the wight.
The wight zaps a wand.
The roots erupt in riotous growth!
Roots grab your ice beast.
The wight is unaffected.
The grasping roots constrict your ice beast.
Your ice beast hits the wight but does no damage.
The wight hits your ice beast with a +0 trident!
Your ice beast dies!
Your ice beast disappears in a puff of smoke!
Casting: Summon Ice Beast (dangerous; 4% risk of failure)
Confirm with . or Enter, or press ? or * to list all spells.
Okay, then.
Casting: Summon Ice Beast (dangerous; 4% risk of failure)
Confirm with . or Enter, or press ? or * to list all spells.
You feel a surge of power!
You miscast Summon Ice Beast.
You are very lightly contaminated with residual magic.
A fistful of eyes flickers past your view.
* * * LOW HITPOINT WARNING * * *
A nameless horror comes into view.
The wight hits you from afar with a +0 trident!
You die...

###### ## #######..... ..
#...........
...##.#########.#####.####
....z..z........# ###.####
...######@#†.#..###.....##
#..).#..÷..)......
#######.#..............
........#..........#.##
############.###.....##
#.# ###.#### #.# #.# ##
#.# #.. .. #.# ######


You could see 2 wights.

Vanquished Creatures
  Sigmund (D:2)
  An orc warrior (D:6)
  A centaur (D:6)
  2 scorpions
  A wight (D:6)
  2 hounds
  An orc priest (D:3)
  2 iguanas
  2 orc wizards
  Robin (D:2)
  6 adders
  2 dart slugs (D:1)
  17 orcs
  4 ball pythons
  3 bats
  6 endoplasms
  3 giant cockroaches
  15 goblins
  8 hobgoblins
  9 jackals
  3 quokkas
  3 frilled lizards (D:1)
  4 kobolds
  5 rats
102 creatures vanquished.

Notes
Turn   | Place    | Note
-------+----------+-------------------------------------------
     0 | D:1      | leafyfresh the Djinni Ice Elementalist began the quest for
                  | the Orb.
     0 | D:1      | leafyfresh set off with the following spells memorised:
                  | Freeze, Frozen Ramparts, Ozocubu's Armour, Summon Ice
                  | Beast.
     0 | D:1      | Reached XP level 1. HP: 15/15 MP: 0/0
   228 | D:1      | Reached XP level 2. HP: 12/21 MP: 0/0
   556 | D:1      | HP: 1/21 [dart slug/slug dart (6)]
   561 | D:1      | Reached XP level 3. HP: 3/25 MP: 0/0
   561 | D:1      | Learned a level 1 spell: Beastly Appendage
  1339 | D:2      | Reached skill level 4 in Spellcasting
  1743 | D:2      | Noticed Robin
  1750 | D:2      | Killed Robin
  1751 | D:2      | Reached XP level 4. HP: 24/31 MP: 0/0
  2069 | D:2      | Noticed Sigmund
  2078 | D:2      | Killed Sigmund
  2079 | D:2      | Reached skill level 5 in Spellcasting
  2079 | D:2      | Reached XP level 5. HP: 24/35 MP: 0/0
  2079 | D:2      | Learned a level 2 spell: Call Imp
  2079 | D:2      | Reached XP level 6. HP: 28/40 MP: 0/0
  2496 | D:2      | Identified the +0 sling of Diakem {flame, Dex+2}
  2714 | D:3      | Found a burning altar of Makhleb.
  3470 | D:4      | Identified the +1 flail "Guovywox" {flame, Dex-4 SInv
                  | Stlth+}
  3479 | D:4      | Reached skill level 6 in Spellcasting
  3480 | D:4      | Reached XP level 7. HP: 40/45 MP: 0/0
  3480 | D:4      | Learned a level 2 spell: Wereblood
  3641 | D:4      | Found a sparkling altar of Nemelex Xobeh.
  4252 | D:5      | Entered Level 5 of the Dungeon
  4386 | D:5      | Found a staircase to the Ecumenical Temple.
  4393 | Temple   | Entered the Ecumenical Temple
  4628 | D:3      | Became a worshipper of Makhleb the Destroyer
  5173 | D:6      | Found a hazy altar of Hepliaklqana.
  5197 | D:6      | Reached skill level 7 in Spellcasting
  5430 | D:6      | Reached XP level 8. HP: 37/50 MP: 0/0
  5599 | D:6      | Noticed a nameless horror
  5600 | D:6      | Mangled by a wight

Illustrated notes

Levels and vault maps discovered:
D:1:      lemuel_arrival_tunnels, layout_loops_ring, nicolae_figureground_pulse
D:2:      layout_loops_cross, uniq_robin, uniq_sigmund
D:3:      layout_basic, mainiacjoe_overflow_24_doors
D:4:      layout_basic, mainiacjoe_overflow_small_starburst
D:5:      layout_rooms, temple_fountains, kennysheep_cross_bottleneck
D:6:      layout_loops_ring, nicolae_hepliaklqana_hazy_memory,
          corexii_hall_statues_s
Temple:   nicolae_temple_bog_church

Skill      XL: |  1  2  3  4  5  6  7 |
---------------+----------------------+-----
Spellcasting   | 4 5 6 7 |  7.5
Dodging        | |  2.1
Stealth        | |  1.5

Action                     |  1- 3 |  4- 6 |  7- 9 || total
---------------------------+-------+-------+-------++-------
  Melee: Unarmed           |    29 |       |       ||    29
         Dagger            |    12 |    42 |    46 ||   100
         Punch             |     1 |     1 |       ||     2
   Cast: Freeze            |    26 |     4 |       ||    30
         Frozen Ramparts   |     4 |     9 |    11 ||    24
         Ozocubu's Armour  |       |     3 |     2 ||     5
         Beastly Appendage |       |     1 |       ||     1
         Summon Ice Beast  |       |       |     2 ||     2
    Use: Potion            |     1 |       |       ||     1
         Scroll            |       |     4 |     3 ||     7
   Stab: Sleeping          |     3 |     4 |       ||     7
 Armour: Robe              |    10 |    13 |     8 ||    31
         Skin              |     2 |       |       ||     2
  Dodge: Dodged            |    36 |    26 |    35 ||    97
